Map: Deathaura LE

Players

A.I. 1 (Very Easy)

  • Race: Terran Terran
  • Spawn Location: 5:00

RustyShacky - Winner!

  • Race: Terran Terran
  • Spawn Location: 11:00

VOD

Have the link to the VOD?

Description

Time

  • Played on: Sept. 26, 2020, 9:30 p.m.
  • Length: 12:06
Show
View Real Time Build Order
Export as new Build Order

A.I. 1 (Very Easy) Terran 

Build Orders: Reaper Expand 

Get SALT Encoding   

  12  0:00  SCV  
  13  0:13  SCV  
  14  0:18  Supply Depot  
  14  0:42  Barracks  
  14  1:02  Command Center  
  14  1:30  Orbital Command, Supply Depot  
  14  1:31  Marine  
  15  1:35  Refinery  
  15  1:49  Refinery  
  15  1:55  SCV  
  16  2:08  SCV  
  17  2:14  SCV  
  18  2:15  Reaper  
  18  2:21  SCV  
  20  2:28  SCV  
  21  2:35  SCV  
  22  2:43  SCV  
  23  2:48  Refinery  
  23  2:50  SCV  
  24  2:57  SCV  
  25  3:00  Marine  
  25  3:04  SCV  
  27  3:11  Factory, SCV  
  28  3:35  Refinery, SCV  
  29  3:42  SCV  
  29  3:45  Marine  
  31  3:49  SCV  
  31  3:52  Supply Depot  
  32  3:56  SCV  
  32  3:59  Starport  
  33  4:04  SCV  
  34  4:11  SCV  
  35  4:18  SCV  
  36  4:25  SCV  
  36  4:30  Marine  
  38  4:32  SCV  
  38  4:38  Starport Tech Lab, Supply Depot  
  39  4:39  SCV  
  40  4:47  SCV  
  41  4:54  SCV  
  41  4:56  Raven  
  44  5:01  SCV  
  45  5:08  SCV  
  46  5:15  SCV, Marine  
  48  5:39  Raven  
  50  6:00  Reaper  
  51  6:33  Barracks Tech Lab  
  51  6:53  Marauder  
  53  8:53  SCV  
  52  11:20  Reaper  
  52  11:24  Medivac  
  46  11:27  Supply Depot  
  35  11:42  SCV  
  20  11:52  Supply Depot  
Show
View Real Time Build Order
Export as new Build Order

RustyShacky Terran - Winner!

Build Orders:  

Get SALT Encoding   

  12  0:01  SCV  
  13  0:13  SCV  
  14  0:17  Supply Depot  
  14  0:25  SCV  
  15  0:38  SCV  
  15  0:42  Barracks  
  16  0:46  Refinery  
  16  0:51  SCV  
  17  1:03  SCV  
  18  1:15  SCV  
  19  1:28  Orbital Command  
  19  1:31  Barracks Reactor  
  19  1:43  Command Center  
  19  1:54  SCV  
  20  2:10  SCV  
  20  2:13  Marine x2, Supply Depot  
  23  2:19  Factory  
  23  2:34  SCV, Marine x2  
  26  2:40  Supply Depot  
  26  2:46  SCV  
  27  2:52  Marine x2  
  27  2:57  Orbital Command  
  29  2:58  SCV  
  30  3:10  Marine x2  
  32  3:13  Factory Tech Lab  
  32  3:18  Starport  
  32  3:26  Refinery  
  32  3:28  Marine x2  
  34  3:37  Siege Tank  
  34  3:40  SCV  
  34  3:41  SCV  
  39  3:46  Marine  
  39  3:47  Marine  
  41  3:53  SCV x2  
  43  3:57  Supply Depot  
  43  4:04  Marine  
  43  4:05  SCV x2  
  46  4:15  Viking  
  48  4:20  Barracks, Supply Depot  
  48  4:25  SCV x2  
  50  4:33  Siege Tank  
  50  4:35  Marine x2  
  50  4:37  SCV  
  56  4:43  Supply Depot  
  56  4:53  Marine x2  
  58  5:06  Supply Depot  
  58  5:07  SCV x2  
  60  5:08  Barracks, Marine  
  60  5:10  Refinery, Marine  
  60  5:11  Siege Tank  
  65  5:19  SCV x2  
  67  5:22  Command Center  
  67  5:31  SCV  
  67  5:33  Refinery  
  68  5:42  Barracks Tech Lab  
  71  5:48  Starport Reactor  
  68  5:51  SCV x2  
  68  5:55  Marine x3  
  73  6:03  SCV x2  
  75  6:05  Engineering Bay  
  75  6:09  Stimpack  
  75  6:13  Marine x3  
  75  6:15  SCV x2  
  80  6:27  SCV  
  80  6:28  Marine  
  80  6:31  Marine x2  
  80  6:32  Engineering Bay  
  84  6:51  Barracks Reactor  
  86  6:54  Marauder, Marine x2  
  86  6:59  Siege Tank  
  86  7:01  Medivac x2  
  95  7:11  Terran Infantry Weapons Level 1  
  95  7:12  Terran Infantry Armor Level 1, Marine x2  
  95  7:14  Supply Depot  
  99  7:16  Marauder  
  99  7:24  Missile Turret  
  99  7:30  Marine x2  
  99  7:34  SCV x3  
  106  7:37  Supply Depot, Marauder  
  106  7:45  Missile Turret  
  106  7:46  SCV x2  
  106  7:47  Orbital Command, Marine  
  106  7:48  Marine, Combat Shield  
  106  7:50  Marine x2  
  112  7:55  Medivac x2  
  112  7:58  SCV, Marine  
  117  7:59  Siege Tank, SCV  
  117  8:03  Supply Depot  
  122  8:05  Marine  
  122  8:06  Marine  
  122  8:07  Missile Turret  
  122  8:08  Marine  
  125  8:24  Marine x4  
  125  8:25  SCV x2, Barracks  
  125  8:26  Marine  
  132  8:27  Supply Depot  
  132  8:33  Supply Depot  
  132  8:38  SCV x3  
  135  8:43  Marauder, Marine x3  
  135  8:44  Marine  
  141  8:49  Medivac, Siege Tank  
  141  8:50  SCV x3  
  149  9:00  Marine  
  149  9:02  SCV x3  
  152  9:04  Marauder  
  152  9:06  Supply Depot  
  155  9:14  SCV x2  
  155  9:16  Barracks Tech Lab  
  157  9:27  Armory  
  157  9:31  Supply Depot  
  157  9:35  Concussive Shells  
  157  9:42  Supply Depot  
  157  9:45  SCV x3  
  160  9:53  Refinery  
  160  9:54  Refinery  
  160  9:57  SCV x3  
  163  10:01  Marauder  
  163  10:02  Marine x4  
  163  10:04  Siege Tank  
  163  10:05  Medivac x2  
  176  10:09  SCV x3  
  179  10:18  Supply Depot  
  179  10:19  Marine  
  179  10:21  SCV, Supply Depot  
  181  10:39  SCV x3, Marauder  
  181  10:41  Supply Depot  
  186  10:44  Marine  
  186  10:45  Marine x3  
  186  10:47  Thor  
  196  10:50  Medivac x2  
  200  11:04  Supply Depot  
  198  11:31  Missile Turret  
  198  11:35  Marine x2  
  200  11:50  Command Center  
Tags
 
Matchup
TvT
Race
Terran
Spawn Locations
Cross Positions
Add a new tag
Caveats
  • Supply blocks, unpowered buildings, or Contaminate may cause inaccurate times.
  • Supply counts are checked every 10 seconds.